← All builds
Geo / Armada / Economy first / OBSERVED BUILD

Standard geo

Armada Geo build order · Supreme Isthmus

The role's usual economy-first play, teching up through geothermal and advanced metal extractor into T2 constructor and Starlight to supply front.

Usually blows up the commander for T2 (67%)

#eco #t2 · 874 distinct matches · 121 players · 55% of Armada Geo games · team won 54% of 981 · Recently observed

HOW TO PLAY IT

Key timing: T2 constructor by 4:55

  1. Open 2 mex and wind, then Bot Lab by 0:35.
  2. Rush geothermal powerplant to fund T2 ahead of other roles.
  3. Get T2 constructor out to start building T2 units.
  4. Add Vehicle Plant and Advanced Geothermal for the T2 push.
  5. Fly first Starlight to front with a transport from Air.

Phase by phase

TYPICAL OF ITS 874 GAMES
  1. 1
  2. 2
  3. 3
  4. 4
PLAY THE OPENING

Follow the example game's first 6:00 step by step: what to build now, what comes next, and where it goes. At 1× it keeps pace with your own game.

  1. 1

    Up to the Bot Lab

    Economy
    • Metal Extractor2Mex
    • Wind Turbine4Wind
    Order
    1. Bot LabBot Lab after 2 mex, 4 winddone ~1:08, middle half 0:58–1:21

    By 0:51 in all: 2 mex · 4 wind

    The example game in this phase · 3 steps
    1. Mex ×2
    2. Wind ×4
    3. Bot LabBot Labdone 0:59 · typical 1:08
  2. 2

    Bot Lab to 5:00

    Economy
    • Metal Extractor2Mex
    • Wind Turbine3Wind
    • Energy Converter8Converter
    • Energy Storage1Energy storage
    Order
    1. Geothermal PowerplantGeo after 4 mex, 5 wind, 1 energy storage
    2. Bot LabEat Bot Lab
    Builders
    • Construction Turret5 Con turret
    • Lazarus4 Lazarus
    • Construction Bot2 Con bot
    • Construction Bot1 Con bot for allies
    • Lazarus1 Lazarus for allies

    By 5:00 in all: 4 mex · 7 wind · 1 geo · 8 converter · 1 energy storage · 5 con turret

    The example game in this phase · 26 steps
    1. LazarusLazarus
    2. Wind
    3. LazarusLazarus
    4. Wind ×3
    5. Construction BotCon bot
    6. LazarusLazarus
    7. Construction BotCon bot
    8. Construction BotCon botfor Beach sea
    9. Mex
    10. Construction BotCon botfor Beach sea
    11. Mex
    12. CenturionCenturion
    13. Geothermal PowerplantGeodone 3:19 · typical 3:28
    14. LazarusLazarus
    15. Con turret
    16. Converter
    17. Con turret
    18. Converter ×2
    19. Bot LabEat Bot Labreclaimed for its metal
    20. Con turret
    21. Converter
    22. Energy storage
    23. Con turret ×3
    24. Converter ×2
    25. Advanced Metal ExtractorT2 mex ×2done 5:10 · typical 5:35
    26. Converter ×2
  3. 3

    5:00 to Vehicle Plant

    Order
    1. Advanced Geothermal PowerplantAdvanced Geothermal Powerplant after 8 wind, 10 converter, 6 con turretin 59% of games
    2. Vehicle PlantVehicle Plant after 9 wind, 10 converter, 6 con turretdone ~7:07, middle half 6:41–7:34
    Builders
    • Construction Turret1 Con turret

    Some games also: converter (49%) · wind (47%)

    By 6:59 in all: 4 mex · 10 wind · 1 geo · 1 Advanced Geothermal Powerplant · 10 converter · 1 energy storage

    The example game in this phase · 4 steps
    1. Advanced Metal ExtractorT2 mex ×2
    2. Advanced Geothermal PowerplantAdvanced Geothermal Powerplantdone 6:39 · typical 7:09
    3. Converter ×2
    4. Vehicle PlantVehicle Plantdone 6:50 · typical 7:07
  4. 4

    Vehicle Plant to 10:00

    Economy
    • Wind Turbine6Wind
    • Energy Converter4Converter
    Order
    1. Advanced Vehicle PlantAdvanced Vehicle Plant after 11 wind, 12 converter, 7 con turret
    2. Vehicle PlantEat Vehicle Plant
    Builders
    • Construction Turret1 Con turret
    • Construction Vehicle1 Con vehicle
    • Advanced Construction Vehicle1 T2 con vehicle for allies
    Army
    • Starlight2 Starlight
    • Umbra1 Jammer
    • Prophet1 Radar vehicle

    Some games also: Jaguar (33%) · Radar Tower (30%)

    By 10:00 in all: 4 mex · 21 wind · 1 geo · 1 Advanced Geothermal Powerplant · 16 converter · 1 energy storage

    The example game in this phase · 187 steps
    1. Converter
    2. Construction VehicleCon vehicle
    3. Converter ×2
    4. Advanced Vehicle PlantAdvanced Vehicle Plantdone 7:25 · typical 8:03
    5. Converter
    6. Vehicle PlantEat Vehicle Plantreclaimed for its metal
    7. Converter
    8. UmbraJammer
    9. Converter ×2
    10. ProphetRadar vehicle
    11. Converter
    12. MauserMauser
    13. Converter ×2
    14. MauserMauser
    15. Converter ×2
    16. MauserMauser
    17. Radar TowerRadar Tower
    18. Converter ×2
    19. MauserMauser
    20. Con turret
    21. Converter ×2
    22. Wind
    23. MauserMauser
    24. Converter
    25. Advanced Construction VehicleT2 con vehiclefor Suicide front
    26. Converter ×2
    27. Wind ×3
    28. MauserMauser
    29. Converter
    30. Wind
    31. Converter
    32. Con turret
    33. UmbraJammer
    34. Wind
    35. ProphetRadar vehicle
    36. Wind
    37. Converter
    38. Wind
    39. StarlightStarlightdone 9:07 · typical 9:01
    40. Wind
    41. Converter
    42. Wind ×3
    43. StarlightStarlight
    44. Wind ×2
    45. Con turret
    46. Wind ×7
    47. StarlightStarlight
    48. Wind ×13
    49. ShredderShredderdone 10:21
    50. Wind ×5
    51. AmbassadorAmbassadorfor Suicide frontdone 10:43
    52. Wind ×8
    53. AmbassadorAmbassadorfor Suicide front
    54. BeamerBeamer
    55. Wind ×6
    56. UmbraJammer
    57. Wind
    58. BeamerBeamer
    59. Wind ×2
    60. ProphetRadar vehicle
    61. Wind ×3
    62. StarlightStarlight
    63. SentrySentry
    64. Wind ×3
    65. SentrySentry
    66. Wind
    67. Advanced Construction VehicleT2 con vehicle
    68. SentrySentry
    69. JunoJuno
    70. Wind
    71. ConsulConsul
    72. Wind
    73. SentrySentry
    74. StarlightStarlight
    75. Wind
    76. SentrySentry
    77. Wind ×3
    78. Metal storage
    79. Wind
    80. Vehicle PlantVehicle Plant ×2done 13:10
    81. Advanced Vehicle PlantEat Advanced Vehicle Plantreclaimed for its metal
    82. Wind
    83. BlitzBlitz ×2
    84. Bot LabBot Labdone 13:15
    85. BlitzBlitz ×2
    86. Wind
    87. BlitzBlitz ×3
    88. Wind
    89. BlitzBlitz
    90. TickTick
    91. BlitzBlitz ×2
    92. TickTick
    93. BlitzBlitz
    94. TickTick
    95. BlitzBlitz
    96. Wind
    97. BlitzBlitz
    98. TickTick
    99. BlitzBlitz
    100. TickTick
    101. BlitzBlitz
    102. TickTick
    103. BlitzBlitz
    104. Wind
    105. TickTick
    106. BlitzBlitz
    107. TickTick
    108. BlitzBlitz
    109. TickTick
    110. BlitzBlitz
    111. TickTick
    112. BlitzBlitz
    113. Wind
    114. TickTick
    115. BlitzBlitz
    116. TickTick
    117. BlitzBlitz
    118. TickTick
    119. BlitzBlitz
    120. TickTick
    121. BlitzBlitz
    122. Wind
    123. TickTick
    124. BlitzBlitz
    125. TickTick
    126. BlitzBlitz
    127. TickTick
    128. BlitzBlitz
    129. TickTick
    130. Sneaky PeteSneaky Pete
    131. BlitzBlitz
    132. Wind
    133. TickTick
    134. BlitzBlitz
    135. TickTick
    136. BlitzBlitz
    137. TickTick
    138. BlitzBlitz ×2
    139. TickTick
    140. BlitzBlitz
    141. Wind
    142. BlitzBlitz ×2
    143. TickTick
    144. BlitzBlitz ×2
    145. TickTick
    146. Wind
    147. BlitzBlitz ×2
    148. TickTick
    149. BlitzBlitz
    150. TickTick
    151. BlitzBlitz
    152. Wind
    153. BlitzBlitz
    154. TickTick
    155. BlitzBlitz
    156. TickTick
    157. BlitzBlitz
    158. TickTick
    159. BlitzBlitz
    160. TickTick
    161. BlitzBlitz
    162. TickTick
    163. BlitzBlitz ×2
    164. TickTick ×2
    165. BlitzBlitz ×2
    166. TickTick
    167. BlitzBlitz ×2
    168. TickTick
    169. Fusion ReactorFusionnot finished by 15:00
    170. BlitzBlitz
    171. TickTick
    172. BlitzBlitz ×3
    173. TickTick
    174. Wind
    175. BlitzBlitz
    176. TickTick
    177. BlitzBlitz ×2
    178. TickTick
    179. Wind
    180. BlitzBlitz
    181. TickTick ×2
    182. BlitzBlitz ×2
    183. Wind
    184. TickTick
    185. BlitzBlitz
    186. TickTick
    187. Wind

Counts are medians over the build's games: half of them build more, half fewer. The example game is [Crd]Mind_The_Gap's (41 OS, 11/10/2026); pick another.

Team trades

IN AT LEAST 30% OF ITS GAMES

You hand over

  • Lazarus1 Lazarus to Beach seafirst at 2:16 · in 78% of games
  • Construction Bot1 Con bot to Beach seafirst at 2:27 · in 88% of games
  • Advanced Construction Vehicle1 T2 con vehicle to Suicide front or Frontfirst at 8:44 · in 64% of games

You get

  • Hercules1 Light transport from Airfirst at 4:21 · in 31% of games
  • Advanced Construction Bot1 T2 con bot from Techfirst at 4:51 · in 95% of games

How it plays out

Typical game of this build, running totals by minute

Metal produced

020k40k
0:005:0010:0015:00

metal

Enemy metal destroyed

05k10k15k
0:005:0010:0015:00

metal

Own metal lost

02k4k6k
0:005:0010:0015:00

metal

981 games.

Show as table
ByMetal produced: This buildEnemy metal destroyed: This buildOwn metal lost: This build
1:0033300
2:0082100
3:00153200
4:00269200
5:00371600
6:00565300
7:00809300
8:0011505042
9:001453754130
10:0017433534260
11:00203811956666
12:002324439161810
13:002603260863209
14:002896885214596
15:0031674105735975
WHAT THE NUMBERS SAY

Standard Geo play wins about half its games while destroying the most enemy metal by 15:00 among the roles shown here.

  • + Enemy metal destroyed jumps to 10560 by 15:00, highest of all six builds.
  • + Starlight makes up 34% of army, delivering the long-range T2 push.
  • − Own metal lost reaches 5977 by 15:00 from the aggressive T2 push.
  • − First Starlight only arrives in 60% of games, a late or inconsistent push.
THE EXAMPLE YOU ARE READING

[Crd]Mind_The_Gap

40.9 OS · 11/10/2026

Open source match ↗

2 received units · includes a constructor
2457 metal received · 112816 energy received

Allied construction assistance is unknown. Timings are observations, not a promise of solo reproducibility.

Typical milestones

Bot Lab1:08Middle 50%: 0:58–1:21 · n=980
Geothermal Powerplant3:28Middle 50%: 3:11–3:44 · n=978
Advanced Metal Extractor5:35Middle 50%: 5:20–5:58 · n=974
Vehicle Plant7:07Middle 50%: 6:41–7:34 · n=947
Advanced Geothermal Powerplant7:09Middle 50%: 6:50–7:39 · n=702
Advanced Vehicle Plant8:03Middle 50%: 7:40–8:38 · n=900
Starlight9:01Middle 50%: 8:31–9:43 · n=801

Played most by

zeus_on_god118games of this build0neTw0110games of this buildXad53games of this buildViltrum46games of this buildDamsko40games of this build
Standard geo · Armada Geo build order · BAR Build Atlas